[ AOE2 MATCH · #507125166 ]
UnrankedTurks vs Poles
Player's team · LOSS
Rival team · WIN
[ REPLAY ANALYSIS · EXTRACTED FROM THE RECORDED GAME ]
Feudal
8:51
Castle
20:59
Imperial
—
| APM avg | 68.1 |
| APM peak | 111 |
| eAPM avg | 31.5 |
| Villagers / military | 158 / 200 |
Focus
⚔️ 38.7% · 🌾 61.3%
Cavalry Archer ×129 · Scout Cavalry ×38 · Camel Scout ×21 · Archer ×8 · Knight ×2 · Spearman ×2
Feudal
11:40
Castle
20:33
Imperial
—
| APM avg | 54.3 |
| APM peak | 110 |
| eAPM avg | 28.0 |
| Villagers / military | 138 / 191 |
Focus
⚔️ 38.0% · 🌾 62.0%
Knight ×100 · Scout Cavalry ×40 · Scorpion ×27 · Obuch ×9 · Monk ×6 · Spearman ×4
Match map
Initial resources + every placement click. Lines = walls · curves = elevation contours. ◆ gold · ⬟ stone · ● berries · ✦ relic · ◌ wall gap
Your base· ✓ Closed at 20:59 · 62t walls · 1 gate(s)
DK | Kongen_42's base· Open — 4t gap
Smoothed initial terrain · ◌ = detected wall gap · hover for details
Inputs per minute
— _TieuQuy - - DK | Kongen_42
Build order — _TieuQuy
First 150 of 388 actions detected
| 0:00 | Queue | Villager (Male) |
| 0:01 | Queue | Villager (Male) |
| 0:02 | Build | House |
| 0:03 | Build | House |
| 0:06 | Queue | Villager (Male) |
| 0:06 | Queue | Villager (Male) |
| 1:29 | Queue | Villager (Male) |
| 1:29 | Queue | Villager (Male) |
| 1:57 | Build | Lumber Camp |
| 2:00 | Queue | Villager (Male) |
| 2:01 | Queue | Villager (Male) |
| 2:16 | Queue | Villager (Male) |
| 2:16 | Queue | Villager (Male) |
| 2:46 | Queue | Villager (Male) |
| 2:46 | Queue | Villager (Male) |
| 2:50 | Build | House |
| 2:51 | Build | Palisade Wall |
| 3:13 | Queue | Villager (Male) |
| 3:32 | Queue | Villager (Male) |
| 3:32 | Queue | Villager (Male) |
| 4:01 | Queue | Villager (Male) |
| 4:01 | Queue | Villager (Male) |
| 4:22 | Queue | Villager (Male) |
| 5:03 | Queue | Villager (Male) |
| 5:05 | Build | Mill |
| 5:41 | Queue | Villager (Male) |
| 6:00 | Research | Loom |
| 6:41 | Research | Feudal Age |
| 6:42 | Research | Feudal Age |
| 6:51 | Build | House |
| 7:07 | Build | Palisade Wall |
| 7:31 | Queue | Villager (Male) |
| 7:42 | Build | Barracks |
| 7:52 | Build | Palisade Wall |
| 7:53 | Build | Palisade Wall |
| 7:56 | Build | Palisade Wall |
| 7:56 | Build | Palisade Wall |
| 7:58 | Build | Palisade Wall |
| 8:23 | Build | Palisade Wall |
| 8:23 | Build | Palisade Wall |
| 8:24 | Build | Palisade Wall |
| 8:24 | Build | Palisade Wall |
| 8:25 | Build | Palisade Wall |
| 8:51 | Age | Feudal Age |
| 9:03 | Build | Stable |
| 9:15 | Queue | Villager (Male) |
| 9:24 | Queue | Spearman |
| 9:29 | Research | Double-Bit Axe |
| 9:30 | Research | Double-Bit Axe |
| 9:30 | Queue | Villager (Male) |
| 9:37 | Build | House |
| 9:46 | Queue | Scout Cavalry |
| 9:46 | Queue | Scout Cavalry |
| 9:51 | Build | Farm |
| 10:04 | Build | House |
| 10:06 | Build | Palisade Wall |
| 10:11 | Queue | Villager (Male) |
| 10:13 | Build | Farm |
| 10:30 | Build | Farm |
| 10:32 | Build | Farm |
| 10:33 | Queue | Villager (Male) |
| 10:47 | Build | Farm |
| 11:08 | Queue | Villager (Male) |
| 11:22 | Build | Farm |
| 11:39 | Build | Farm |
| 11:50 | Queue | Villager (Male) |
| 12:04 | Queue | Villager (Male) |
| 12:10 | Build | Archery Range |
| 12:28 | Queue | Villager (Male) |
| 12:30 | Build | Mining Camp |
| 12:35 | Build | House |
| 12:43 | Build | Palisade Wall |
| 12:49 | Queue | Villager (Male) |
| 13:00 | Queue | Archer |
| 13:04 | Build | Palisade Wall |
| 13:08 | Queue | Villager (Male) |
| 13:11 | Build | Watch Tower |
| 13:26 | Queue | Villager (Male) |
| 13:27 | Build | Farm |
| 13:37 | Build | Farm |
| 13:48 | Queue | Archer |
| 13:52 | Queue | Villager (Male) |
| 13:58 | Build | Palisade Wall |
| 14:07 | Build | Palisade Wall |
| 14:09 | Build | Palisade Wall |
| 14:20 | Build | Palisade Gate |
| 14:22 | Build | House |
| 14:24 | Queue | Villager (Male) |
| 14:32 | Build | House |
| 14:35 | Queue | Archer |
| 14:43 | Queue | Villager (Male) |
| 14:50 | Build | Farm |
| 14:59 | Build | Farm |
| 15:04 | Queue | Archer |
| 15:15 | Queue | Spearman |
| 15:26 | Queue | Villager (Male) |
| 15:28 | Build | Palisade Wall |
| 15:38 | Queue | Villager (Male) |
| 15:54 | Build | Farm |
| 15:59 | Build | House |
| 16:00 | Build | Palisade Wall |
| 16:16 | Queue | Villager (Male) |
| 16:19 | Queue | Archer |
| 16:26 | Queue | Archer |
| 16:30 | Build | Farm |
| 16:46 | Queue | Villager (Male) |
| 16:47 | Build | Farm |
| 17:02 | Build | Farm |
| 17:04 | Queue | Villager (Male) |
| 17:08 | Queue | Archer |
| 17:42 | Queue | Villager (Male) |
| 18:00 | Build | Lumber Camp |
| 18:19 | Research | Castle Age |
| 18:19 | Research | Castle Age |
| 18:25 | Queue | Archer |
| 18:36 | Build | Blacksmith |
| 19:12 | Research | Fletching |
| 19:12 | Research | Fletching |
| 19:29 | Research | Gold Mining |
| 19:29 | Research | Gold Mining |
| 19:47 | Build | Archery Range |
| 19:51 | Research | Horse Collar |
| 19:52 | Research | Horse Collar |
| 20:15 | Queue | Villager (Male) |
| 20:18 | Build | House |
| 20:18 | Build | House |
| 20:19 | Build | House |
| 20:40 | Build | Farm |
| 20:40 | Build | Farm |
| 20:59 | Age | Castle Age |
| 21:05 | Research | Bodkin Arrow |
| 21:06 | Queue | Cavalry Archer |
| 21:06 | Queue | Cavalry Archer |
| 21:27 | Queue | Cavalry Archer |
| 21:27 | Queue | Cavalry Archer |
| 21:28 | Queue | Villager (Male) |
| 21:31 | Build | Farm |
| 21:33 | Build | Farm |
| 21:44 | Queue | Villager (Male) |
| 21:52 | Build | Lumber Camp |
| 21:54 | Research | Bow Saw |
| 21:55 | Research | Bow Saw |
| 22:09 | Queue | Cavalry Archer |
| 22:09 | Queue | Cavalry Archer |
| 22:15 | Queue | Villager (Male) |
| 22:34 | Queue | Villager (Male) |
| 22:35 | Queue | Cavalry Archer |
| 22:35 | Queue | Cavalry Archer |
| 22:42 | Build | Town Center |
| 23:04 | Queue | Villager (Male) |
Build order — DK | Kongen_42
First 150 of 461 actions detected
| 0:01 | Queue | Villager (Male) |
| 0:01 | Queue | Villager (Male) |
| 0:01 | Queue | Villager (Male) |
| 0:02 | Build | House |
| 0:03 | Build | House |
| 1:09 | Queue | Villager (Male) |
| 1:41 | Queue | Villager (Male) |
| 2:08 | Queue | Villager (Male) |
| 2:10 | Build | Lumber Camp |
| 2:21 | Queue | Villager (Male) |
| 2:51 | Queue | Villager (Male) |
| 3:08 | Queue | Villager (Male) |
| 3:32 | Queue | Villager (Male) |
| 3:51 | Build | House |
| 4:15 | Queue | Villager (Male) |
| 4:25 | Build | House |
| 4:29 | Queue | Villager (Male) |
| 5:08 | Queue | Villager (Male) |
| 5:17 | Build | Barracks |
| 5:22 | Queue | Villager (Male) |
| 5:51 | Queue | Villager (Male) |
| 6:16 | Queue | Militia |
| 6:17 | Queue | Villager (Male) |
| 6:29 | Queue | Militia |
| 6:42 | Queue | Villager (Male) |
| 6:51 | Queue | Militia |
| 6:54 | Queue | Villager (Male) |
| 6:56 | Build | Mill |
| 7:13 | Queue | Villager (Male) |
| 7:39 | Build | House |
| 7:53 | Queue | Villager (Male) |
| 8:03 | Build | Farm |
| 8:40 | Queue | Villager (Male) |
| 8:50 | Research | Loom |
| 8:54 | Build | Palisade Wall |
| 9:08 | Build | Farm |
| 9:27 | Research | Feudal Age |
| 9:43 | Build | Mining Camp |
| 10:02 | Queue | Villager (Male) |
| 10:22 | Build | House |
| 10:23 | Build | Palisade Wall |
| 10:24 | Build | Palisade Wall |
| 11:39 | Build | House |
| 11:40 | Age | Feudal Age |
| 11:42 | Build | Stable |
| 11:43 | Queue | Spearman |
| 11:44 | Research | Double-Bit Axe |
| 11:45 | Research | Horse Collar |
| 11:48 | Build | Palisade Wall |
| 11:51 | Queue | Spearman |
| 12:02 | Build | Mill |
| 12:04 | Queue | Villager (Male) |
| 12:07 | Queue | Spearman |
| 12:15 | Build | House |
| 12:22 | Build | Palisade Wall |
| 12:26 | Queue | Scout Cavalry |
| 12:26 | Queue | Scout Cavalry |
| 12:29 | Build | Farm |
| 12:30 | Build | Farm |
| 12:34 | Queue | Villager (Male) |
| 12:54 | Build | Palisade Wall |
| 12:57 | Queue | Villager (Male) |
| 13:04 | Build | Farm |
| 13:06 | Build | Farm |
| 13:11 | Build | Farm |
| 13:16 | Queue | Villager (Male) |
| 13:24 | Build | Farm |
| 13:27 | Queue | Scout Cavalry |
| 13:37 | Build | Farm |
| 13:40 | Queue | Villager (Male) |
| 13:49 | Queue | Scout Cavalry |
| 13:51 | Build | Farm |
| 14:02 | Queue | Scout Cavalry |
| 14:03 | Queue | Spearman |
| 14:15 | Queue | Villager (Male) |
| 14:27 | Build | Mill |
| 14:36 | Queue | Villager (Male) |
| 14:38 | Build | Farm |
| 14:46 | Build | Farm |
| 15:17 | Queue | Villager (Male) |
| 15:20 | Build | Farm |
| 15:26 | Build | Farm |
| 15:43 | Queue | Villager (Male) |
| 15:54 | Build | Farm |
| 16:06 | Research | Wheelbarrow |
| 16:56 | Build | Farm |
| 17:15 | Build | Mill |
| 17:28 | Build | Blacksmith |
| 17:28 | Queue | Villager (Male) |
| 17:42 | Build | Farm |
| 17:53 | Research | Castle Age |
| 17:59 | Build | Farm |
| 18:26 | Build | Farm |
| 18:28 | Research | Bloodlines |
| 18:28 | Research | Bloodlines |
| 18:35 | Build | Farm |
| 18:38 | Research | Scale Barding Armor |
| 18:39 | Research | Scale Barding Armor |
| 19:07 | Research | Forging |
| 19:16 | Build | Lumber Camp |
| 19:43 | Build | Stable |
| 20:11 | Build | House |
| 20:13 | Build | Palisade Wall |
| 20:14 | Build | Palisade Wall |
| 20:23 | Queue | Scout Cavalry |
| 20:33 | Age | Castle Age |
| 20:35 | Queue | Villager (Male) |
| 20:47 | Research | Chain Barding Armor |
| 20:47 | Research | Chain Barding Armor |
| 20:50 | Queue | Scout Cavalry |
| 20:58 | Research | Light Cavalry (upgrade) |
| 20:59 | Research | Light Cavalry (upgrade) |
| 21:00 | Research | Husbandry |
| 21:03 | Queue | Villager (Male) |
| 21:10 | Queue | Scout Cavalry |
| 21:10 | Queue | Scout Cavalry |
| 21:11 | Queue | Villager (Male) |
| 21:41 | Queue | Knight |
| 21:48 | Research | Bow Saw |
| 21:51 | Research | Heavy Plow |
| 22:08 | Queue | Scout Cavalry |
| 22:09 | Queue | Scout Cavalry |
| 22:16 | Queue | Villager (Male) |
| 22:38 | Build | Town Center |
| 22:44 | Queue | Villager (Male) |
| 22:44 | Queue | Villager (Male) |
| 22:47 | Queue | Knight |
| 22:50 | Build | Farm |
| 23:29 | Queue | Villager (Male) |
| 23:29 | Queue | Villager (Male) |
| 23:29 | Queue | Villager (Male) |
| 23:47 | Queue | Villager (Male) |
| 23:47 | Queue | Villager (Male) |
| 23:48 | Queue | Villager (Male) |
| 23:48 | Queue | Villager (Male) |
| 23:53 | Queue | Knight |
| 23:54 | Queue | Knight |
| 24:10 | Build | Monastery |
| 24:11 | Queue | Knight |
| 24:11 | Queue | Knight |
| 24:21 | Queue | Villager (Male) |
| 24:53 | Queue | Scout Cavalry |
| 24:53 | Queue | Scout Cavalry |
| 24:55 | Queue | Monk |
| 24:59 | Build | House |
| 25:02 | Build | House |
| 25:05 | Build | Palisade Wall |
| 25:06 | Build | Palisade Wall |
| 25:10 | Queue | Villager (Male) |
| 25:11 | Queue | Monk |
Match timeline
| 2:51 | _TieuQuy · wall_segment Palisade Wall x7 |
| 5:17 | DK | Kongen_42 · first_building Barracks |
| 7:07 | _TieuQuy · wall_segment Palisade Wall x5 |
| 7:42 | _TieuQuy · first_building Barracks |
| 7:52 | _TieuQuy · wall_segment Palisade Wall x1 |
| 7:53 | _TieuQuy · wall_segment Palisade Wall x1 |
| 7:56 | _TieuQuy · wall_segment Palisade Wall x1 |
| 7:56 | _TieuQuy · wall_segment Palisade Wall x1 |
| 7:58 | _TieuQuy · wall_segment Palisade Wall x1 |
| 8:23 | _TieuQuy · wall_segment Palisade Wall x1 |
| 8:23 | _TieuQuy · wall_segment Palisade Wall x1 |
| 8:24 | _TieuQuy · wall_segment Palisade Wall x1 |
| 8:24 | _TieuQuy · wall_segment Palisade Wall x1 |
| 8:25 | _TieuQuy · wall_segment Palisade Wall x1 |
| 8:51 | _TieuQuy · age_up feudal |
| 8:54 | DK | Kongen_42 · wall_segment Palisade Wall x7 |
| 9:03 | _TieuQuy · first_building Stable |
| 10:06 | _TieuQuy · wall_segment Palisade Wall x1 |
| 10:23 | DK | Kongen_42 · wall_segment Palisade Wall x1 |
| 10:24 | DK | Kongen_42 · wall_segment Palisade Wall x3 |
| 11:40 | DK | Kongen_42 · age_up feudal |
| 11:42 | DK | Kongen_42 · first_building Stable |
| 11:48 | DK | Kongen_42 · wall_segment Palisade Wall x2 |
| 12:10 | _TieuQuy · first_building Archery Range |
| 12:22 | DK | Kongen_42 · wall_segment Palisade Wall x4 |
| 12:43 | _TieuQuy · wall_segment Palisade Wall x13 |
| 12:54 | DK | Kongen_42 · wall_segment Palisade Wall x1 |
| 13:04 | _TieuQuy · wall_segment Palisade Wall x7 |
| 13:58 | _TieuQuy · wall_segment Palisade Wall x5 |
| 14:07 | _TieuQuy · wall_segment Palisade Wall x4 |
| 14:09 | _TieuQuy · wall_segment Palisade Wall x9 |
| 15:28 | _TieuQuy · wall_segment Palisade Wall x1 |
| 16:00 | _TieuQuy · wall_segment Palisade Wall x1 |
| 20:13 | DK | Kongen_42 · wall_segment Palisade Wall x1 |
| 20:14 | DK | Kongen_42 · wall_segment Palisade Wall x1 |
| 20:33 | DK | Kongen_42 · age_up castle |
| 20:59 | _TieuQuy · age_up castle |
| 24:10 | DK | Kongen_42 · first_building Monastery |
| 25:05 | DK | Kongen_42 · wall_segment Palisade Wall x1 |
| 25:06 | DK | Kongen_42 · wall_segment Palisade Wall x1 |
| 27:36 | _TieuQuy · first_market_buy 100 stone |
| 28:00 | DK | Kongen_42 · first_building Siege Workshop |
| 28:46 | _TieuQuy · wall_segment Palisade Wall x1 |
| 32:57 | DK | Kongen_42 · first_building Castle |
| 40:51 | _TieuQuy · first_market_sell 500 wood |
| 41:37 | _TieuQuy · resign |
[ AI ANALYSIS · 1 CREDIT ]
What really happened in this match?
Wolo.gg analyzes every decision: build order, eco, micro, common mistakes by bracket. Personalized analysis on WhatsApp or Discord in 30 seconds.
Civ guide
Turks
Perfil
Jugador #2593750